 Dungeon Crawl Stone Soup version 0.28-a0-845-gfc338a8e3c (webtiles) character file.

Game seed: 14329699523834830553

808 croobank the Slasher (level 8, 0/58 HPs)
             Began as a Djinni Fighter on Nov 12, 2021.
             Was a High Priest of Ignis.
             Slain by a wyvern zombie (6 damage)
             ... on level 5 of the Dungeon.
             The game lasted 00:28:20 (4312 turns).

croobank the Slasher (Djinni Fighter)               Turns: 4312, Time: 00:28:21

Health: 0/58       AC:  9    Str: 17    XL:     8   Next: 15%
Gold:   162        EV: 10    Int:  9    God:    Ignis [*****.] SH:  5 Dex: 16

rFire   + + +      SeeInvis .   a - +0 long sword
rCold   x . .      Faith    .   c - +0 buckler
rNeg    . . .      Spirit   .   b - +0 scale mail
rPois   ∞          Reflect  .   (helmet restricted)
rElec   .          Harm     .   (no cloak)
rCorr   .          Rampage  .   (no gloves)
Will    .....                   (boots unavailable)
Stlth   ..........              (no amulet)
HPRegen 0.19/turn               (no ring)
MPRegen 0.00/turn               (no ring)

@: mighty, flying
A: sickness immunity, fire resistance 2, cold vulnerability 1, float, innate
caster, hp casting, extra vitality 1, horns 1, iridescent scales 1, agile 1
a: Renounce Religion, Sea of Fire, Foxfire Swarm, Rising Flame


You were on level 5 of the Dungeon.
You worshipped Ignis.
Ignis was extremely pleased with you.
You visited 1 branch of the dungeon, and saw 5 of its levels.

You collected 162 gold pieces.

Inventory:

Hand Weapons
 a - a +0 long sword (weapon)
 d - a +0 morningstar
 h - a +0 spear
 k - a +0 flail
 n - a +0 spear
 s - a +3 dagger
 t - a +0 war axe
 z - a +3 war axe of electrocution
Missiles
 e - 2 atropa-tipped darts
 f - 183 stones
 r - a boomerang
 x - 28 poisoned darts (quivered)
Armour
 b - a +0 scale mail (worn)
 c - a +0 buckler (worn)
Wands
 y - a wand of iceblast (9)
Scrolls
 l - a scroll of blinking {unknown}
 m - a scroll of enchant weapon {unknown}
 q - a scroll of teleportation {unknown}
 u - a scroll of fear {unknown}
 w - a scroll of brand weapon {unknown}
Potions
 g - 2 potions of brilliance
 i - a potion of cancellation


   Skills:
 + Level 3.8 Fighting
 + Level 4.9 Long Blades
 + Level 1.0 Throwing
 + Level 4.9 Armour
 + Level 1.8 Dodging
 + Level 0.4 Stealth
 + Level 4.2 Shields
 * Level 1.4 Spellcasting
 + Level 1.2 Evocations


You had 3 spell levels left.
You knew the following spells:

 Your Spells              Type           Power      Damage    Failure   Level
a - Apportation           Tloc           6%         N/A       52%         1
b - Passwall              Tmut/Erth      2%         N/A       67%         2
c - Conjure Flame         Conj/Fire      3%         6-21      88%         3
Your spell library was empty.

Dungeon Overview and Level Annotations

Branches:
Dungeon (5/15)
 Temple: D:4-7

Altars:
Elyvilon
The Shining One
Ignis


Innate Abilities, Weirdness & Mutations

You are immune to sickness and miasma.
You are immune to poison.
Your flesh is very heat resistant. (rF++)
You are vulnerable to cold. (rC-)
You float through the air rather than walking.
You learn spells naturally, not from books.
Your magical power is your life essence.
You have superior vitality. (+4 HP)
You have a pair of small horns on your head.
You are partially covered in iridescent scales. (AC +2)
You are agile. (Dex +2)


Message History

Press: ? - help, Shift-Dir - straight line, f - wyvern zombie
Aim: a wyvern zombie That beam is likely to hit you.
Continue anyway?
Okay, then.
Okay, then.
You barely miss the wyvern zombie. The wyvern zombie closely misses you.
You slash the orc!
You kill the orc!
The wyvern zombie bites you.
You slash the wyvern zombie!
The wyvern zombie is lightly damaged.
You block the wyvern zombie's attack.
You slash the wyvern zombie!
The wyvern zombie is heavily damaged.
You block the wyvern zombie's attack.
You slash the orc!
You kill the orc!
You hit the wyvern zombie.
The wyvern zombie is severely damaged.
The wyvern zombie bites you!
* * * LOW HITPOINT WARNING * * *
Found a scroll of identify.
It was a potion of flight.
You feel more buoyant.
It was a potion of mutation.
You feel extremely strange.
Iridescent scales grow over part of your body.
You feel agile. A pair of horns grows on your head!
The orc hits you with a +0 club.
* * * LOW HITPOINT WARNING * * *
You hit the orc but do no damage. Your headbutt misses the orc.
The orc misses you.
The wyvern zombie completely misses you.
The orc hits you with a +0 club.
* * * LOW HITPOINT WARNING * * *
Your scale mail prevents you from hitting the wyvern zombie.
You headbutt the wyvern zombie!
The wyvern zombie is severely damaged.
The wyvern zombie closely misses you. The orc hits you but does no damage.
Flames leap up around you! The wyvern zombie bites you.
You die... ##### #vv@# ####### #voZ#

#####.....####vvv#
..........)......#
##........####...#
..........# #...#
##........# #...#
#........# ##.##
#....##### #.#


You could see an orc (ally target) and a wyvern zombie.

Vanquished Creatures
  A steam dragon (D:5)
  An ice beast (D:4)
  2 ogres (D:4)
  A phantom (D:4)
  A bullfrog zombie (D:5)
  A hound (D:5)
  A centaur skeleton (D:4)
  An orc wizard (D:2)
  9 adders
  7 gnolls
  An adder skeleton (D:4)
  3 worms
  A dart slug (D:1)
  8 orcs
  3 bats
  4 endoplasms
  2 giant cockroaches (D:2)
  4 hobgoblins
  10 kobolds
  6 quokkas
  5 ball pythons
  8 frilled lizards
  5 goblins
  5 rats
90 creatures vanquished.

Vanquished Creatures (others)
  An orc (D:5)
1 creature vanquished.

Grand Total: 91 creatures vanquished

Notes
Turn   | Place    | Note
-------+----------+-------------------------------------------
     0 | D:1      | croobank the Djinni Fighter began the quest for the Orb.
     0 | D:1      | Reached XP level 1. HP: 20/20 MP: 0/0
    71 | D:1      | You are sucked into a shaft and drop 1 floor!
   135 | D:2      | Reached XP level 2. HP: 14/25 MP: 0/0
   416 | D:1      | Reached XP level 3. HP: 27/30 MP: 0/0
   416 | D:1      | Learned a level 1 spell: Apportation
  1236 | D:2      | Reached XP level 4. HP: 21/35 MP: 0/0
  1578 | D:2      | Reached skill level 1 in Dodging
  1578 | D:2      | Reached XP level 5. HP: 11/40 MP: 0/0
  1578 | D:2      | Learned a level 2 spell: Passwall
  2077 | D:2      | Found a faded altar of an unknown god.
  2083 | D:2      | Prayed at the altar of an unknown god.
  2083 | D:2      | Became a worshipper of Ignis, the Dying Flame
  2427 | D:3      | Found a white marble altar of Elyvilon.
  2435 | D:3      | Found a glowing golden altar of the Shining One.
  2944 | D:4      | Noticed an ogre
  2952 | D:4      | Killed an ogre
  2953 | D:4      | Reached XP level 6. HP: 46/46 MP: 0/0
  3250 | D:4      | Noticed an ogre
  3269 | D:4      | Killed an ogre
  3270 | D:4      | Reached skill level 1 in Evocations
  3270 | D:4      | Reached XP level 7. HP: 35/50 MP: 0/0
  3270 | D:4      | Learned a level 3 spell: Conjure Flame
  3808 | D:4      | Reached skill level 1 in Spellcasting
  4142 | D:5      | Entered Level 5 of the Dungeon
  4266 | D:5      | Noticed a steam dragon
  4286 | D:5      | Killed a steam dragon
  4287 | D:5      | Reached skill level 1 in Throwing
  4287 | D:5      | Reached XP level 8. HP: 23/58 MP: 0/0
  4309 | D:5      | Gained mutation: You are partially covered in iridescent
                  | scales. (AC +2) [potion of mutation]
  4309 | D:5      | Gained mutation: You are agile. (Dex +2) [potion of
                  | mutation]
  4309 | D:5      | Gained mutation: You have a pair of small horns on your
                  | head. [potion of mutation]
  4312 | D:5      | Slain by a wyvern zombie

Illustrated notes

Levels and vault maps discovered:
D:1:      saegor_arrival_simple_b, layout_rooms, st_stairs_2, minivault_26
D:2:      minmay_chambers_of_ones, layout_basic,
          chequers_ecumenical_altar_simple
D:3:      layout_basic, amethyst_overflow_temple_binary
D:4:      layout_loops_ring, hangedman_feature_mirror
D:5:      layout_rooms, led_sif_book

Skill      XL: |  1  2  3  4  5  6  7 |
---------------+----------------------+-----
Long Blades    | 2 3 4 |  4.9
Dodging        | 1 |  1.8
Armour         | 4 |  4.9
Evocations     | 1 |  1.2
Shields        | 4 |  4.2
Spellcasting   | 1 |  1.4
Throwing       | 1 |  1.0
Fighting       | |  3.8
Stealth        | |  0.4

Action                   |  1- 3 |  4- 6 |  7- 9 || total
-------------------------+-------+-------+-------++-------
Melee: Long sword        |   108 |   134 |    88 ||   330
       Headbutt          |       |       |     1 ||     1
Throw: Dart              |     5 |     7 |    12 ||    24
       Stone             |     2 |     5 |       ||     7
Invok: Foxfire Swarm     |       |       |     1 ||     1
Evoke: Wand              |       |     4 |     2 ||     6
  Use: Scroll            |     1 |     1 |     1 ||     3
       Potion            |       |     1 |     4 ||     5
Armor: Scale mail        |    56 |    49 |    40 ||   145
Dodge: Dodged            |    52 |    59 |    48 ||   159
Block: Buckler           |    24 |    30 |    28 ||    82

Table legend: (Time is in decaauts)
 A = Elapsed time spent in this place.
 B = Non-inter-level travel time spent in this place.
 C = Inter-level travel time spent in this place.
 D = Time resting spent in this place.
 E = Time spent auto-exploring this place.
 F = Levels seen in this place.
 G = Mean time per level.
                   A        B        C        D        E       F      G
               +--------+--------+--------+--------+--------+-----+--------+
         Total |   4394 |   4263 |    131 |    853 |   2307 |   5 |  878.8 |
       Dungeon |   4394 |   4263 |    131 |    853 |   2307 |   5 |  878.8 |
               +--------+--------+--------+--------+--------+-----+--------+

Top non-repeatable levels by time:
     D:2: 1840 daAuts
     D:4: 1308 daAuts
     D:3: 549 daAuts
     D:1: 520 daAuts
     D:5: 175 daAuts
